 Dungeon Crawl Stone Soup version 0.28-a0-1233-g92def6ad0a (webtiles) character file.

Game seed: 11801007213470064848

45 ChaosChampion the Chopper (level 3, 0/34 HPs)
             Began as a Hill Orc Monk on Dec 23, 2021.
             Slain by a quokka (4 damage)
             ... on level 2 of the Dungeon.
             The game lasted 00:00:56 (1348 turns).

ChaosChampion the Chopper (Hill Orc Monk)           Turns: 1348, Time: 00:00:56

Health: 0/34       AC:  3    Str: 15    XL:     3   Next: 64%
Magic:  3/3        EV: 12    Int: 10    God:
Gold:   72         SH:  0    Dex: 13    Spells: 2/2 levels left

rFire   . . .      SeeInvis .   a - +0 hand axe
rCold   . . .      Faith    .   (no shield)
rNeg    . . .      Spirit   .   b - +0 robe
rPois   .          Reflect  .   (no helmet)
rElec   .          Harm     .   (no cloak)
rCorr   .          Rampage  .   d - +0 pair of gloves
Will    .....                   (no boots)
Stlth   ++........              (no amulet)
HPRegen 0.11/turn               (no ring)
MPRegen 0.08/turn               (no ring)

@: lethally poisoned (0 -> -5)
A: no striking features
a: no special abilities


You were on level 2 of the Dungeon.
You visited 1 branch of the dungeon, and saw 2 of its levels.

You collected 72 gold pieces.

Inventory:

Hand Weapons
 a - a +0 hand axe (weapon)
Armour
 b - a +0 robe (worn)
 d - a +0 pair of gloves (worn)
Scrolls
 c - 2 scrolls of immolation {unknown}
 e - 2 scrolls of identify {unknown}
 f - a scroll of magic mapping {unknown}
Potions
 g - a potion of attraction {unknown}
 h - a potion of invisibility {unknown}


   Skills:
 + Level 4.3 Fighting
 + Level 4.7 Axes
 + Level 1.8 Armour
 - Level 2.4 Dodging
 - Level 1.5 Stealth


You had 2 spell levels left.
You didn't know any spells.
Your spell library contained the following spells:

 Spells                   Type           Power      Damage    Failure   Level
 Fireball                 Conj/Fire      0%         3d3       100%        5
 Iskenderun's Battlesphe  Conj           0%         2d6       100%        5
 Conjure Ball Lightning   Conj/Air       0%         3x3d6     100%        6
 Orb of Destruction       Conj           0%         N/A       100%        7


Dungeon Overview and Level Annotations

Branches:
Dungeon (2/15)

Altars:
Wu Jian


Message History

The adder bites you. The quokka closely misses you.
The quokka barely misses you. The adder barely misses you.
The quokka bites you.
You hit the adder.
The adder is lightly wounded.
You barely miss the quokka. You hit the quokka.
The quokka bites you but does no damage.
The adder bites you.
You are poisoned.
The adder poisons you!
The quokka bites you but does no damage.
The quokka bites you.
You hit the adder.
The adder is moderately wounded.
You hit the quokka but do no damage. x2; You feel sick.
The adder barely misses you. The quokka misses you.
The quokka bites you but does no damage.
The adder bites you.
You are more poisoned.
The adder poisons you!
You miss the adder.
The adder is moderately wounded.
You barely miss the quokka. You hit the quokka.
You kill the quokka!
* * * LOW HITPOINT WARNING * * *
You feel very sick. The quokka closely misses you. The adder barely misses you.
You hit the adder but do no damage.
The adder is moderately wounded.
You closely miss the quokka.
* * * LOW HITPOINT WARNING * * *
You feel sick. The quokka bites you.
* * * LOW HITPOINT WARNING * * *
The adder barely misses you. The quokka barely misses you.
You closely miss the adder.
The adder is moderately wounded.
You closely miss the quokka.
* * * LOW HITPOINT WARNING * * *
You feel sick. The adder bites you but does no damage. The quokka bites you.
You die...

.##.....# .........
.##.....#######........
.##...†.#....!.........
.##.....#..............
..#.....#.............
..#.....#.†...........
..#.....(..#...†.####
..#.....$...........#
..####..........@†..#
..# #.........r.S....#
..# #................#
.## ######$####......#
.# .... .......# .#
###... .......# ##
#.._........# .."....[.


You could see an adder and a quokka.

Vanquished Creatures
  An adder (D:2)
  2 dart slugs (D:2)
  2 ball pythons
  4 endoplasms (D:1)
  2 giant cockroaches (D:1)
  A goblin (D:1)
  3 hobgoblins (D:1)
  2 jackals (D:1)
  2 quokkas
  4 bats
  3 frilled lizards
  A kobold (D:1)
  4 rats
31 creatures vanquished.

Notes
Turn   | Place    | Note
-------+----------+-------------------------------------------
     0 | D:1      | ChaosChampion the Hill Orc Monk began the quest for the
                  | Orb.
     0 | D:1      | Reached XP level 1. HP: 19/19 MP: 1/1
   242 | D:1      | Reached XP level 2. HP: 25/27 MP: 2/2
   243 | D:1      | Reached skill level 1 in Armour
   916 | D:1      | Reached XP level 3. HP: 33/33 MP: 3/3
  1323 | D:2      | Found an ornate altar of the Wu Jian Council.
  1348 | D:2      | Slain by a quokka

Illustrated notes

Levels and vault maps discovered:
D:1:      mrwooster_arrival_arrow, layout_basic
D:2:      layout_basic, basic_altar, ebering_dispersal_statue_hall,
          grunt_ministairs_5

Skill      XL: |  1  2 |
---------------+-------+-----
Armour         | 1 |  1.8
Fighting       | 4 |  4.3
Axes           | |  4.7
Dodging        | |  2.4
Stealth        | |  1.5

Action                   || total
-------------------------++-------
Melee: Hand axe          ||   102
 Stab: Sleeping          ||     3
Armor: Robe              ||    33
Dodge: Dodged            ||    79

Table legend: (Time is in decaauts)
 A = Elapsed time spent in this place.
 B = Non-inter-level travel time spent in this place.
 C = Inter-level travel time spent in this place.
 D = Time resting spent in this place.
 E = Time spent auto-exploring this place.
 F = Levels seen in this place.
 G = Mean time per level.
                   A        B        C        D        E       F      G
               +--------+--------+--------+--------+--------+-----+--------+
         Total |   1356 |   1347 |      9 |    171 |    944 |   2 |  678.0 |
       Dungeon |   1356 |   1347 |      9 |    171 |    944 |   2 |  678.0 |
               +--------+--------+--------+--------+--------+-----+--------+

Top non-repeatable levels by time:
     D:1: 1224 daAuts
     D:2: 131 daAuts
